 Dungeon Crawl Stone Soup version 0.28.0-53-g5a82cb258f (webtiles) character file.

Game seed: 14317324204754116647

1625 Jerry the Covert (level 8, -1/49 HPs)
             Began as a Vampire Fighter on Aug 1, 2022.
             Slain by a gnoll sergeant
             ... wielding a +0 spear
              (8 damage)
             ... on level 6 of the Dungeon.
             The game lasted 00:18:51 (4511 turns).

Jerry the Covert (Vampire Fighter)                  Turns: 4511, Time: 00:18:52

Health: -1/49      AC: 11    Str: 28 (29) XL:     8   Next: 65%
Magic:  2/2        EV:  9    Int: 10 (11) God:
Gold:   101        SH:  5    Dex: 15      Spells: 7/7 levels left

rFire   . . .      SeeInvis +   s - +4 dagger of Plunder {antimagic, rElec Str+8}
rCold   + . .      Faith    .   c - +0 buckler
rNeg    . . .      Spirit   .   b - +1 scale mail
rPois   .          Reflect  .   (no helmet)
rElec   +          Harm     .   d - +0 cloak
rCorr   .          Rampage  .   e - +0 pair of gloves
Will    .....                   q - +0 pair of boots
Stlth   +++.......              (no amulet)
HPRegen 0.36/turn               h - +6 ring of strength
MPRegen 0.08/turn               (no ring)

@: healing quickly, studying Stealth
A: alive, fangs 3, see invisible, vampiric 2, hooves 1, cold resistance 1,
[frail 2]
a: Exsanguinate


You were on level 6 of the Dungeon.
You visited 1 branch of the dungeon, and saw 6 of its levels.

You collected 205 gold pieces.
You spent 104 gold pieces at shops.

Inventory:

Hand Weapons
 a - a +0 vorpal rapier
 s - the +4 dagger of Plunder (weapon) {antimagic, rElec Str+8}
   (You took it off a gnoll on level 5 of the Dungeon)

   It reduces the magical energy of the wielder, and disrupts the spells and
   magical abilities of those it strikes.
   Natural abilities and divine invocations are not affected.
   Str:       It affects your strength (+8).
   rElec:     It insulates you from electricity.
Missiles
 t - 2 poisoned darts (quivered)
Armour
 b - a +1 scale mail (worn)
 c - a +0 buckler (worn)
 d - a +0 cloak (worn)
 e - a +0 pair of gloves (worn)
 q - a +0 pair of boots (worn)
Jewellery
 h - a +6 ring of strength (left hand)
Wands
 k - a wand of polymorph (11)
 n - a wand of digging (2)
 u - a wand of charming (9)
Scrolls
 f - 3 scrolls of teleportation
 i - 3 scrolls of identify
 j - 2 scrolls of acquirement
 m - a scroll of vulnerability {unknown}
Potions
 g - 2 potions of brilliance {unknown}
 l - a potion of curing
 o - a potion of cancellation
 p - a potion of attraction {unknown}
 r - 2 potions of lignification {unknown}


   Skills:
 + Level 5.3 Fighting
 + Level 5.7 Short Blades
 + Level 4.7 Armour
 + Level 8.6 Stealth
 - Level 5.0 Shields


You had 7 spell levels left.
You didn't know any spells.
Your spell library contained the following spells:

 Spells                   Type           Power      Damage    Failure   Level
 Beastly Appendage        Tmut           0%         N/A       71%         1
 Wereblood                Tmut           0%         N/A       83%         2
 Confusing Touch          Hex            0%         N/A       97%         3
 Spider Form              Tmut/Pois      0%         N/A       97%         3
 Yara's Violent Unravell  Hex/Tmut       0%         3d3       100%        5
 Enfeeble                 Hex            0%         N/A       100%        7


Dungeon Overview and Level Annotations

Branches:
Dungeon (6/15)
 Temple: D:4-7

Altars:
Ashenzari
Hepliaklqana
Nemelex Xobeh
Okawaru
Vehumet
Yredelemnul

Shops:
D:3 !

Annotations:
D:5 3 runed translucent doors, Jerry's ghost, novice VSFi


Innate Abilities, Weirdness & Mutations

Your natural rate of healing is accelerated.
You have razor-sharp teeth.
You have supernaturally acute eyesight. (SInv)
You are afflicted with vampirism and can become a bat while bloodless.
You have large cloven feet.
Your flesh is cold resistant. (rC+)
[You are very frail. (-20% HP)]


Message History

You hit the gnoll sergeant.
The gnoll sergeant is moderately wounded.
You block the gnoll sergeant's attack.
You hit the gnoll sergeant but do no damage.
The gnoll sergeant is moderately wounded.
The gnoll sergeant closely misses you.
You hit the gnoll sergeant but do no damage.
You bite the gnoll sergeant, but do no damage.
The gnoll sergeant is moderately wounded.
The gnoll sergeant hits you with a +0 spear.
You puncture the gnoll sergeant!
The gnoll sergeant is heavily wounded.
The gnoll sergeant barely misses you.
You barely miss the gnoll sergeant. You bite the gnoll sergeant.
The gnoll sergeant is severely wounded.
You block the gnoll sergeant's attack.
You hit the gnoll sergeant but do no damage.
The gnoll sergeant is severely wounded.
The gnoll sergeant hits you with a +0 spear!
The gnoll sergeant barely misses you.
You hit the gnoll sergeant but do no damage.
The gnoll sergeant is severely wounded.
The gnoll sergeant hits you with a +0 spear.
You puncture the gnoll sergeant!
The gnoll sergeant is almost dead.
The gnoll sergeant hits you with a +0 spear.
* * * LOW HITPOINT WARNING * * *
You hit the gnoll sergeant but do no damage.
The gnoll sergeant is almost dead.
The gnoll sergeant hits you with a +0 spear.
* * * LOW HITPOINT WARNING * * *
You hit the gnoll sergeant but do no damage.
You bite the gnoll sergeant, but do no damage.
The gnoll sergeant is almost dead.
The gnoll sergeant hits you with a +0 spear.
* * * LOW HITPOINT WARNING * * *
You barely miss the gnoll sergeant.
The gnoll sergeant is almost dead.
The gnoll sergeant hits you with a +0 spear!
You die...

.......†.................'...
.#.....)##..............##...
#.####.#......#..#...#.##...
#......#.#..#.#.#......
###..#.#.#..#.#.#....#.
#..#.#.#..# #.#....##
#..#......#+#.#.##.##
#..###.#...<..#.##.#.
#..g@..+......#.##...
#.####.#......#.#.... #+#
#)+......#.##.#.
..#.....##.##.#.
..>'...).'..##.#.
...##.....#####.#. ####
#.........#.#. #.........#.#.
#####.....#


You could see a gnoll sergeant (fast).

Vanquished Creatures
  Pikel (D:4)
  Sigmund (D:2)
  A water moccasin (D:5)
  2 ogres
  A necrophage (D:3)
  A lemure (D:4)
  A phantom (D:5)
  A scorpion (D:5)
  A water moccasin skeleton (D:3)
  2 howler monkeys (D:6)
  A gnoll shaman (D:6)
  2 hounds (D:6)
  An orc priest (D:3)
  Jessica (D:2)
  An iguana (D:4)
  An orc wizard (D:4)
  A hound skeleton (D:4)
  A howler monkey zombie (D:6)
  8 gnolls
  4 adders
  2 ufetubi
  An adder skeleton (D:4)
  A worm (D:2)
  2 dart slugs (D:1)
  13 orcs
  14 ball pythons
  6 endoplasms
  2 giant cockroaches
  8 goblins
  5 hobgoblins
  6 kobolds
  3 quokkas
  5 bats
  3 frilled lizards
  4 rats
108 creatures vanquished.

Notes
Turn   | Place    | Note
-------+----------+-------------------------------------------
     0 | D:1      | Jerry the Vampire Fighter began the quest for the Orb.
     0 | D:1      | Reached XP level 1. HP: 17/17 MP: 1/1
   214 | D:1      | Reached skill level 1 in Stealth
   232 | D:1      | Reached XP level 2. HP: 23/23 MP: 2/2
   619 | D:2      | Gained mutation: You are afflicted with vampirism and can
                  | become a bat while bloodless. [Vampire growth]
   619 | D:2      | Reached XP level 3. HP: 16/28 MP: 3/3
   862 | D:2      | Found a faded altar of an unknown god.
   899 | D:2      | Noticed Sigmund
   910 | D:2      | Killed Sigmund
   911 | D:2      | Reached skill level 3 in Stealth
   911 | D:2      | Reached XP level 4. HP: 33/35 MP: 4/4
   911 | D:2      | Reached XP level 5. HP: 39/41 MP: 5/5
  1083 | D:2      | Noticed Jessica
  1097 | D:2      | Killed Jessica
  1357 | D:2      | Reached XP level 6. HP: 30/48 MP: 6/6
  1630 | D:3      | Reached skill level 4 in Stealth
  1698 | D:3      | Found a radiant altar of Vehumet.
  1792 | D:3      | Found Oritus's Distillery.
  1909 | D:3      | Found a broken altar of Ashenzari.
  1912 | D:3      | Found a sparkling altar of Nemelex Xobeh.
  2187 | D:3      | Found a basalt altar of Yredelemnul.
  2385 | D:4      | Reached XP level 7. HP: 33/54 MP: 7/7
  2601 | D:4      | Found an iron altar of Okawaru.
  2701 | D:4      | Reached skill level 5 in Stealth
  3030 | D:5      | Entered Level 5 of the Dungeon
  3089 | D:3      | Bought a potion of mutation for 104 gold pieces
  3089 | D:3      | Gained mutation: You have hidden genetic potential. [potion
                  | of mutation]
  3089 | D:3      | Gained mutation: You sometimes lose the ability to read
                  | scrolls when taking damage. [potion of mutation]
  3089 | D:3      | Gained mutation: You possess an exceptional clarity of
                  | mind. [potion of mutation]
  3090 | D:3      | Lost mutation: You sometimes lose the ability to read
                  | scrolls when taking damage. [potion of mutation]
  3090 | D:3      | Lost mutation: You possess an exceptional clarity of mind.
                  | [potion of mutation]
  3090 | D:3      | Lost mutation: You have hidden genetic potential. [potion
                  | of mutation]
  3090 | D:3      | Gained mutation: You tend to lose your temper in combat.
                  | [potion of mutation]
  3090 | D:3      | Gained mutation: You have a pair of small horns on your
                  | head. [potion of mutation]
  3091 | D:3      | Lost mutation: You tend to lose your temper in combat.
                  | [potion of mutation]
  3091 | D:3      | Lost mutation: You have a pair of small horns on your head.
                  | [potion of mutation]
  3091 | D:3      | Gained mutation: Your flesh is cold resistant. (rC+)
                  | [potion of mutation]
  3091 | D:3      | Gained mutation: You have large cloven feet. [potion of
                  | mutation]
  3202 | D:5      | HP: 1/55 [gnoll/+0 halberd (5)]
  3392 | D:5      | Noticed Jerry's ghost (novice VSFi)
  3414 | D:5      | Found a runed translucent gate.
  3414 | D:5      | Found a runed translucent gate.
  3414 | D:5      | Found a runed translucent gate.
  3415 | D:5      | Identified the +4 dagger of Plunder {antimagic, rElec
                  | Str+8}
  3504 | D:5      | HP: 2/55 [water moccasin (3)]
  3510 | D:5      | HP: 2/55 [poisoned by a water moccasin]
  3516 | D:5      | Reached skill level 6 in Stealth
  3766 | D:5      | Found a hazy altar of Hepliaklqana.
  3823 | D:5      | Noticed Pikel
  3857 | D:4      | Reached XP level 8. HP: 25/42 MP: 2/8
  4120 | D:4      | Identified 3 scrolls of acquirement
  4120 | D:4      | Acquired a manual of Stealth
  4133 | D:4      | Killed Pikel
  4134 | D:4      | Reached skill level 5 in Fighting
  4134 | D:4      | Reached skill level 5 in Short Blades
  4134 | D:4      | Reached skill level 7 in Stealth
  4134 | D:4      | Reached skill level 5 in Shields
  4191 | D:5      | Found Adei's Overcharged Wands.
  4300 | D:6      | Reached skill level 8 in Stealth
  4511 | D:6      | Slain by a gnoll sergeant

Illustrated notes

Levels and vault maps discovered:
D:1:      minmay_arrival_widening_spiral_wide, layout_loops_ring,
          minmay_tromino_v4_b
D:2:      layout_basic, nicolae_ecumenical_snake_handling,
          minmay_randomly_rotated_circles, uniq_jessica, uniq_sigmund
D:3:      layout_loops_ring, mainiacjoe_overflow_chevrons,
          nicolae_vehumet_radiance, chequers_temple_overflow_statue_of_worship,
          serial_shops, nicolae_shop_hallway_stairs, serial_bayou_pond_e,
          minmay_cut_off
D:4:      layout_loops_cross, overflow_temple_1_default
D:5:      layout_rooms, lemuel_crystal_altar, gammafunk_ghost_split,
          nicolae_shop_overcharged_wands, uniq_pikel
D:6:      lemuel_castle_with_subvaults [lemuel_castle_interior_original],
          layout_basic, minmay_temple_entry_statues_pillars

Skill      XL: |  1  2  3  4  5  6  7  8 |
---------------+-------------------------+-----
Stealth        | 1 3 4 6 8 |  8.6
Shields        | 3 4 5 |  5.0
Fighting       | 3 4 5 |  5.3
Short Blades   | 3 4 5 |  5.7
Armour         | 3 4 |  4.7

Action                   |  1- 3 |  4- 6 |  7- 9 || total
-------------------------+-------+-------+-------++-------
Melee: Rapier            |    62 |   144 |    70 ||   276
       Bite              |     5 |    17 |    29 ||    51
       Dagger            |       |       |   132 ||   132
 Abil: Exsanguinate      |       |       |     2 ||     2
       Revivify          |       |       |     2 ||     2
       Bat Form          |       |       |     1 ||     1
  Use: Potion            |     1 |       |     6 ||     7
       Scroll            |       |     9 |     1 ||    10
 Stab: Sleeping          |       |     2 |     2 ||     4
Armor: Scale mail        |    35 |    54 |    67 ||   156
Dodge: Dodged            |    24 |    52 |    79 ||   155
Block: Buckler           |    13 |    39 |    52 ||   104
